 Dungeon Crawl Stone Soup version 0.29.1-14-g9c671dbff4 (webtiles) character file.

Game seed: 15262927677180180716

695 Wobber the Changer (level 7, -7/46 HPs)
             Began as an Octopode Transmuter on Feb 14, 2023.
             Engulfed by a steam dragon's steam (12 damage)
             ... on level 6 of the Dungeon.
             The game lasted 00:18:25 (7431 turns).

Wobber the Changer (Octopode Transmuter)            Turns: 7431, Time: 00:18:26

Health: -7/46      AC:  2    Str:  9    XL:     7   Next: 64%
Magic:  7/10       EV: 20    Int: 17    God:
Gold:   235        SH:  0    Dex: 24    Spells: 6/10 levels left

rFire   . . .      SeeInvis .     - Unarmed
rCold   . . .      Faith    .   (shield currently unavailable)
rNeg    . . .      Spirit   .   (helmet currently unavailable)
rPois   x          Reflect  .   (no amulet)
rElec   .          Harm     .   j - +6 ring of dexterity
rCorr   .          Rampage  .   (no ring)
Will    .....                   (no ring)
Stlth   +.........              (no ring)
HPRegen 0.15/turn               (no ring)
MPRegen 0.12/turn               (no ring)
                                (no ring)
                                (no ring)

@: confused, spider-form, ambrosia-drunk
A: venomous fangs, almost no armour, (amphibious), 8 rings, tiny, (camouflage
1), (gelatinous body 1), (nimble swimmer 1), (tentacles)
a: End Transformation


You were on level 6 of the Dungeon.
You were a venomous arachnid creature.
You visited 1 branch of the dungeon, and saw 6 of its levels.

You collected 235 gold pieces.

Inventory:

Hand Weapons
 p - a +0 trident of venom
 u - a +3 vampiric dagger (melded)
Missiles
 b - 12 boomerangs
 d - 28 stones
 s - 10 poisoned darts
Jewellery
 i - a ring of fire
 j - a +6 ring of dexterity (left front leg)
 x - an amulet of reflection
Wands
 m - a wand of polymorph (3)
 t - a wand of acid (5)
Scrolls
 c - a scroll of fog
 f - a scroll of magic mapping {unknown}
 h - 4 scrolls of teleportation
 k - 4 scrolls of enchant weapon
 n - a scroll of blinking
 o - 2 scrolls of enchant armour {unknown}
 q - 2 scrolls of poison {unknown}
Potions
 a - 4 potions of lignification
 e - a potion of ambrosia
 g - 3 potions of curing
 l - a potion of flight
 r - a potion of might {unknown}
 v - a potion of degeneration {unknown}
 w - a potion of mutation {unknown}
 z - a potion of brilliance {unknown}


   Skills:
 + Level 3.6 Fighting
 + Level 2.0 Dodging
 + Level 3.8 Unarmed Combat
 - Level 2.0 Spellcasting
 + Level 5.8 Transmutations
 + Level 4.6 Poison Magic


You had 6 spell levels left.
You knew the following spells:

 Your Spells              Type           Power      Damage    Failure   Level
a - Beastly Appendage     Tmut           42%        N/A       8%          1
b - Spider Form           Tmut/Pois      19%        N/A       19%         3

Your spell library contained the following spells:

 Spells                   Type           Power      Damage    Failure   Level
 Wereblood                Tmut           21%        N/A       10%         2
 Magic Dart               Conj           4%         1d3       38%         1
 Call Imp                 Summ           1%         N/A       50%         2
 Mephitic Cloud           Conj/Pois/Air  6%         N/A       52%         3
 Ice Form                 Ice/Tmut       11%        N/A       73%         4
 Summon Ice Beast         Ice/Summ       1%         N/A       96%         4
 Summon Mana Viper        Hex/Summ       1%         N/A       100%        5
 Monstrous Menagerie      Summ           0%         N/A       100%        7


Dungeon Overview and Level Annotations

Branches:
Dungeon (6/15)
 Temple: D:4-7

Altars:
Wu Jian

Shops:
D:3 *

Portals:
Abyss: D:6


Innate Abilities, Weirdness & Mutations

You are a venomous arachnid creature.
You have poisonous fangs.
You are tiny and dextrous.
Your spellcasting is less reliable in this form.
Your armour is entirely melded.
You are incapable of wielding weapons or throwing items.
You cannot wear most types of armour.
((You are amphibious.))
You can wear up to eight rings at the same time.
((Your skin changes colour to match your surroundings (Stealth+).))
((Your rubbery body absorbs attacks. (AC +1, EV +1)))
((You are camouflaged when in or above water. (Stealth+)))
((You have tentacles for arms and can constrict up to eight enemies at once.))


Message History

Okay, then.
One of your tentacles grows a vicious spike.
Casting: Beastly Appendage (safe; 1% risk of failure)
Confirm with . or Enter, or press ? or * to list all spells.
Your tentacle spike disappears.
You turn into a venomous arachnid creature.
Your +3 vampiric dagger melds into your body.
You feel the dreadful sensation subside.
The steam dragon breathes steam at you. The ball of steam misses you.
You are engulfed in a cloud of scalding steam.
You hit the steam dragon but do no damage.
The steam dragon is poisoned.
You are engulfed in a cloud of scalding steam.
You hit the steam dragon.
The steam dragon looks as sick as possible!
The steam dragon is lightly wounded.
You are engulfed in a cloud of scalding steam.
The steam dragon bites you. The steam dragon misses you.
You hit the steam dragon.
The steam dragon looks as sick as possible!
The steam dragon is moderately wounded.
The steam dragon bites you!
* * * LOW HITPOINT WARNING * * *
The steam dragon misses you.
You feel better. The steam dragon misses you.
The steam dragon closely misses you.
You hit the steam dragon.
The steam dragon is severely wounded.
The steam dragon misses you. The steam dragon closely misses you.
You hit the steam dragon.
The steam dragon looks as sick as possible!
The steam dragon is severely wounded.
The steam dragon breathes steam at you. The ball of steam hits you!
* * * LOW HITPOINT WARNING * * *
You are confused.
You feel invigorated.
You are engulfed in a cloud of scalding steam.
You die...

....
##.#............#####.
... #.#.............#
#................
##.##.#..........
#.#.##...#...
#...##.#.....
##...§§#...##
#..##§§......
....##s§^...#.. #....
##D#..## #.......§§..#
....###.......... .###
#..##>..### #.. ..##
... ... .... ... .####
..##


You could see a steam dragon (extremely poisoned, catching breath).

Vanquished Creatures
  An ice beast (D:5)
  An ogre (D:5)
  4 hounds
  An orc priest (D:3)
  2 jellies
  Jessica (D:3)
  An iguana (D:6)
  3 orc wizards
  3 adders
  4 gnolls (D:5)
  A shadow imp (D:5)
  A white imp (D:6)
  3 worms
  2 dart slugs (D:1)
  16 orcs
  3 bats
  4 endoplasms
  3 giant cockroaches
  5 goblins
  5 hobgoblins
  6 jackals
  4 quokkas
  6 ball pythons
  2 frilled lizards (D:1)
  4 kobolds
  7 rats
93 creatures vanquished.

Vanquished Creatures (others)
  15 plants (D:5)
15 creatures vanquished.

Grand Total: 108 creatures vanquished

Notes
Turn   | Place    | Note
-------+----------+-------------------------------------------
     0 | D:1      | Wobber the Octopode Transmuter began the quest for the Orb.
     0 | D:1      | Reached XP level 1. HP: 13/13 MP: 3/3
   295 | D:1      | Reached XP level 2. HP: 12/18 MP: 3/5
   862 | D:1      | Reached XP level 3. HP: 22/24 MP: 4/6
  1492 | D:2      | Reached skill level 3 in Transmutations
  2731 | D:3      | Reached XP level 4. HP: 30/30 MP: 5/7
  2773 | D:3      | Reached XP level 5. HP: 25/36 MP: 8/8
  2878 | D:3      | Found a faded altar of an unknown god.
  3095 | D:3      | Noticed Jessica
  3106 | D:3      | Killed Jessica
  3107 | D:3      | Reached skill level 4 in Transmutations
  3185 | D:3      | Found Muotorph's General Store.
  3272 | D:3      | Learned a level 3 spell: Spider Form
  3775 | D:4      | Reached skill level 1 in Poison Magic
  3932 | D:4      | Reached XP level 6. HP: 30/42 MP: 7/9
  5362 | D:5      | Entered Level 5 of the Dungeon
  5653 | D:5      | Found an ornate altar of the Wu Jian Council.
  5739 | D:5      | Noticed an ice beast
  5759 | D:5      | Killed an ice beast
  5760 | D:5      | Reached skill level 5 in Transmutations
  5760 | D:5      | Reached XP level 7. HP: 17/46 MP: 7/10
  7369 | D:6      | Found a one-way gate to the infinite horrors of the Abyss.
  7419 | D:6      | Noticed a steam dragon
  7431 | D:6      | Engulfed by a steam dragon's steam

Illustrated notes

Levels and vault maps discovered:
D:1:      lightli_arrival_flooded_house, layout_basic, minmay_tetromino_s2
D:2:      layout_loops_corners, grunt_decor_resistance
D:3:      layout_loops_cross, nicolae_ecumenical_oubliette, serial_shops,
          nicolae_diamond_shop, kennysheep_jessica_study
D:4:      layout_layer_cave
D:5:      layout_basic, nicolae_wu_jian_wuxing_cycle, serial_curves,
          eino_curves_01, eino_curves_01, wad_woods_river_04,
          ebering_dispersal_statue_hall
D:6:      layout_layer_cave, zin_academy, overflow_temple_1_default,
          lemuel_temple_firewalk_a, amcnicky_altar_lugonu_corruption

Skill      XL: |  1  2  3  4  5  6  7 |
---------------+----------------------+-----
Fighting       | 2 3 |  3.6
Transmutations | 3 4 5 |  5.8
Poison Magic   | 1 3 4 |  4.6
Dodging        | |  2.0
Unarmed Combat | |  3.8
Spellcasting   | |  2.0

Action                   |  1- 3 |  4- 6 |  7- 9 || total
-------------------------+-------+-------+-------++-------
Melee: Unarmed           |    88 |   109 |    50 ||   247
       Constrict         |    26 |    29 |    15 ||    70
       Tentacles         |    20 |    21 |    30 ||    71
       Kick              |    21 |    32 |       ||    53
       Punch             |     4 |     1 |     4 ||     9
       Dagger            |       |     2 |    73 ||    75
Throw: Stone             |       |     5 |     1 ||     6
       Dart              |       |       |     1 ||     1
 Cast: Beastly Appendage |    24 |    19 |     2 ||    45
       Spider Form       |       |     7 |     7 ||    14
  Use: Scroll            |     4 |     6 |       ||    10
       Potion            |       |       |     2 ||     2
 Stab: Sleeping          |     4 |     3 |       ||     7
Armor: Skin              |     7 |     4 |     5 ||    16
Dodge: Dodged            |    53 |    57 |    55 ||   165
